 Dungeon Crawl Stone Soup version 0.24-a0-539-g6aae15eeb0 (webtiles) character file.

Game seed: 12745586616254670622

30 Peloso the Covered (level 3, -4/33 HPs)
             Began as a Minotaur Fighter on Aug 17, 2019.
             Slain by a centaur
             ... wielding a +1 whip of electrocution
              (19 damage)
             ... on level 2 of the Dungeon.
             The game lasted 00:01:38 (573 turns).

Peloso the Covered (Minotaur Fighter)                Turns: 573, Time: 00:01:40

Health: -4/33      AC: 13    Str: 20    XL:     3   Next: 5%
Magic:  2/2        EV:  3    Int:  5    God:
Gold:   68         SH:  9    Dex: 10    Spells: 2/2 levels left

rFire    . . .     SeeInvis .   a - +0 long sword
rCold    . . .     Gourm    .   c - +0 shield
rNeg     . . .     Faith    .   h - +0 plate armour
rPois    .         Spirit   .   (helmet restricted)
rElec    .         Reflect  .   (no cloak)
rCorr    .         Harm     .   (no gloves)
MR       .....                  (no boots)
Stlth    ..........             (no amulet)
HPRegen  0.11/turn              (no ring)
MPRegen  0.08/turn              (no ring)

@: no status effects
A: retaliatory headbutt, horns 2, iridescent scales 1, wild magic 1, MP-powered
wands
a: no special abilities


You were on level 2 of the Dungeon.
You were not hungry.

You visited 1 branch of the dungeon, and saw 2 of its levels.

You collected 68 gold pieces.

Inventory:

Hand Weapons
 a - a +0 long sword (weapon)
Armour
 b - a +0 scale mail
 c - a +0 shield (worn)
 h - a +0 plate armour (worn)
Scrolls
 g - a scroll of teleportation
Potions
 d - a potion of might
Comestibles
 f - 2 rations


   Skills:
 + Level 4.1 Fighting
 + Level 2.7 Long Blades
 + Level 4.2 Armour
 + Level 4.1 Shields


You had 2 spell levels left.
You didn't know any spells.
Your spell library was empty.

Dungeon Overview and Level Annotations

Branches:
Dungeon (2/15)

Altars:


Innate Abilities, Weirdness & Mutations

You reflexively headbutt those who attack you in melee.
You have a pair of horns on your head.
You are partially covered in iridescent scales. (AC +2)
Your spells are a little harder to cast, but a little more powerful.
You expend magic power (3 MP) to strengthen your wands.


Message History

Your shield and plate armour prevent you from hitting the centaur.
The centaur is heavily wounded.
The centaur hits you but does no damage.
You block the centaur's attack.
You slash the centaur! You headbutt the centaur.
The centaur is almost dead.
You block the centaur's attack.
The centaur hits you with a +1 whip of electrocution.
You closely miss the centaur.
The centaur is almost dead.
You block the centaur's attack.
The centaur hits you but does no damage.
You are electrocuted!
You hit the centaur but do no damage.
The centaur is almost dead.
The centaur hits you with a +1 whip of electrocution.
The centaur hits you but does no damage.
You are electrocuted!!
Ouch! That really hurt!
You die...

##♣ .l≈♣ ♣≈≈≈≈ ## ##
≈≈≈Pc♣♣♣≈##### ..#
P≈P≈≈lP♣♣.lc@# #.#
≈P≈≈≈≈P♣≈###.# #.#
♣≈≈≈≈Pc≈♣♣ #.## #.#
≈♣≈≈P≈♣≈P≈.#..# #.#
P≈≈≈≈
≈≈♣♣.##.#####.#######
♣≈≈≈
≈P≈≈♣.............[..+
≈≈≈
≈≈≈≈P≈P..#.###..######
≈≈ ≈≈≈≈♣≈≈P..#.###..#
≈ ≈≈≈≈≈≈P≈♣..+......#


You could see a centaur and a frilled lizard.

Vanquished Creatures
  2 adders (D:2)
  A dart slug (D:1)
  A giant cockroach (D:2)
  A goblin (D:1)
  A hobgoblin (D:2)
  2 kobolds (D:1)
  A bat (D:2)
  2 frilled lizards
  A quokka zombie (D:2)
  A rat (D:1)
13 creatures vanquished.

Notes
Turn   | Place    | Note
-------+----------+-------------------------------------------
     0 | D:1      | Peloso the Minotaur Fighter began the quest for the Orb.
     0 | D:1      | Reached XP level 1. HP: 19/19 MP: 0/0
   507 | D:2      | Reached XP level 2. HP: 26/27 MP: 1/1
   524 | D:2      | Gained mutation: Your spells are a little harder to cast,
                  | but a little more powerful. [potion of mutation]
   524 | D:2      | Gained mutation: You expend magic power (3 MP) to
                  | strengthen your wands. [potion of mutation]
   524 | D:2      | Gained mutation: You are partially covered in iridescent
                  | scales. (AC +2) [potion of mutation]
   558 | D:2      | Noticed a centaur
   566 | D:2      | Reached XP level 3. HP: 29/33 MP: 2/2
   573 | D:2      | Slain by a centaur

Levels and vault maps discovered:
D:1:      wheals_arrival_linesprint, layout_basic
D:2:      layout_basic, first_ration, serial_bayou_lake_a

Skill      XL: |  1  2 |
---------------+-------+-----
Armour         | 4 |  4.2
Fighting       | 4 |  4.1
Shields        | 4 |  4.1
Long Blades    | |  2.7

Action                   || total
-------------------------++-------
Melee: Long sword        ||    30
       Headbutt          ||     7
  Use: Potion            ||     3
       Scroll            ||     1
Armor: Plate armour      ||    20
       Scale mail        ||     5
Dodge: Dodged            ||     1
Block: Shield            ||    20

Table legend:
 A = Non-vault XP
 B = Vault XP
 C = Vault XP percentage of total XP
 D = Non-vault monster count
 E = Vault monster count
 F = Vault count percentage of total count
                 A         B        C        D         E       F
            +---------+---------+-------+---------+---------+-------
      Total |      44 |       0 |   0.0 |      13 |       0 |   0.0
            +---------+---------+-------+---------+---------+-------
        D:1 |      11 |       0 |   0.0 |       6 |       0 |   0.0
        D:2 |      33 |       0 |   0.0 |       7 |       0 |   0.0
            +---------+---------+-------+---------+---------+-------
